 Dungeon Crawl Stone Soup version 0.18-a0-1311-g779ca93 (webtiles) character file.

1106 Duffy the Blocker (level 8, -1/58 HPs)
             Began as a Formicid Fighter on Feb 13, 2016.
             Slain by an orc wizard
             ... wielding a +0 dagger
              (2 damage)
             ... on level 5 of the Dungeon.
             The game lasted 00:04:44 (4120 turns).

Duffy the Blocker (Formicid Fighter)                Turns: 4120, Time: 00:04:45

Health: -1/58      AC:  8    Str: 28    XL:     8   Next: 58%
Magic:  8/8        EV: 10    Int:  8    God:
Gold:   128        SH:  0    Dex: 10    Spells: 0 memorised, 7 levels left

rFire  . . .     SeeInvis +     A - +0 quarterstaff (speed)
rCold  . . .     Gourm    .     b - +0 scale mail
rNeg   . . .     Faith    .     c - +0 shield
rPois  .         Spirit   .     (helmet unavailable)
rElec  .         Dismiss  .     l - +0 cloak
rCorr  .         Reflect  .     (no gloves)
SustAt .         Harm     .     (no boots)
MR     .....                    (no amulet)
Stlth  ..........               (no ring)
                                h - +5 ring of strength

@: confused, not resistant to hostile enchantments, extremely unstealthy
A: permanent stasis, dig shafts and tunnels, four strong arms, antennae 3
a: Dig, Shaft Self


You were on level 5 of the Dungeon.
You were not hungry.

You visited 1 branch of the dungeon, and saw 5 of its levels.

You collected 248 gold pieces.
You spent 120 gold pieces at shops.


Innate Abilities, Weirdness & Mutations

You are under a permanent stasis effect.
You can dig through walls and to a lower floor.
Your four strong arms can wield two-handed weapons with a shield.
You have a pair of large antennae on your head (SInv).


   Skills:
 - Level 3.2 Fighting
 + Level 7.2 Staves
 - Level 3.2 Armour
 + Level 8.7 Shields


You had 7 spell levels left.
You didn't know any spells.

Inventory:

Hand Weapons
 a - a +0 quarterstaff
 A - a +0 quarterstaff of speed (weapon)
Missiles
 q - 15 poisoned needles
Armour
 b - a +0 scale mail (worn)
 c - a +0 shield (worn)
 l - a +0 cloak (worn)
Jewellery
 h - a +5 ring of strength (left hand)
Wands
 x - a wand of flame (20/48)
 y - a wand of flame (27/48)
Scrolls
 e - 2 scrolls of blinking {unknown}
 i - 2 scrolls of teleportation {unknown}
 m - 3 scrolls of enchant weapon {unknown}
 n - 8 scrolls of identify {unknown}
 p - 2 scrolls of recharging {unknown}
 r - 3 scrolls of remove curse {unknown}
 t - a scroll of amnesia {unknown}
 v - 4 scrolls of random uselessness {unknown}
 B - a scroll of noise {unknown}
Potions
 d - 2 potions of might
 k - 3 potions of degeneration {unknown}
 o - 3 potions of curing {unknown}
 s - a potion of brilliance {unknown}
 u - a potion of flight {unknown}
 w - a potion of invisibility {unknown}
 C - a potion of agility {unknown}
 D - a potion of resistance {unknown}
Comestibles
 f - 5 bread rations
 g - a fruit
 j - 2 meat rations
 z - 2 chunks of flesh

Dungeon Overview and Level Annotations

Branches:
Dungeon (5/15)
 Temple: D:4-7

Altars:
Gozag
Okawaru
Qazlal
Vehumet

Shops:
D:4 (


Message History

You miss the orc wizard.
The orc wizard hits you but does no damage.
You block the orc wizard's attack.
You hit the orc wizard.
The orc wizard is heavily wounded.
You block the orc's attack. The orc wizard barely misses you.
You hit the orc wizard.
The orc wizard is heavily wounded.
You block the orc wizard's attack.
The orc wizard points at you and mumbles some strange words.
You are confused.
The orc closely misses you.
You're too confused to attack without stumbling around!
You're too confused to attack without stumbling around!
You're too confused to attack without stumbling around!
You're too confused to attack without stumbling around!
You bump into the rock wall.
The orc wizard hits you but does no damage. x2
The orc hits you with a short sword.
You closely miss the orc wizard.
The orc wizard is heavily wounded.
The orc wizard barely misses you.
You bump into the rock wall.
The orc wizard closely misses you. The orc wizard hits you with a dagger.
The orc hits you but does no damage. The orc wizard hits you with a dagger.
You closely miss the orc wizard.
The orc wizard is heavily wounded.
The orc wizard hits you but does no damage.
The orc hits you with a short sword.
The orc wizard hits you but does no damage.
The orc wizard hits you but does no damage.
Items here: ! % )) a mace; a flail; a fuming brown potion; an orc corpse You bump into the rock wall.
The orc wizard hits you with a dagger.
You die...

###### #....# #....# #
######....#########)#
.............((.oo>o#
####..........##@#).#
#..........##.#..#
#..........##.#....
###.....b######....###
#........# #.##..
#######'########.# ...
...............#.# ...
...............#.#
....#######....#


You could see 2 orc wizards and an orc.

Action                   |  1- 3 |  4- 6 |  7- 9 || total
-------------------------+-------+-------+-------++-------
Melee: Quarterstaff      |   106 |   197 |   217 ||   520
 Abil: Dig               |     1 |       |     2 ||     3
  Eat: Chunk             |       |     7 |     4 ||    11

Notes
Turn   | Place    | Note
--------------------------------------------------------------
     0 | D:1      | Duffy the Formicid Fighter began the quest for the Orb.
     0 | D:1      | Reached XP level 1. HP: 18/18 MP: 1/1
   162 | D:2      | Reached XP level 2. HP: 20/24 MP: 2/2
   350 | D:1      | Reached skill level 4 in Shields
   426 | D:1      | Reached XP level 3. HP: 29/29 MP: 3/3
   498 | D:1      | Reached skill level 3 in Staves
   889 | D:2      | Found a stormy altar of Qazlal.
   891 | D:2      | Noticed an air elemental
   892 | D:2      | Noticed a water elemental
   892 | D:2      | Noticed an earth elemental
   892 | D:2      | Noticed a fire elemental
   892 | D:2      | Noticed Robin
   919 | D:2      | Killed Robin
   919 | D:2      | Reached XP level 4. HP: 35/35 MP: 4/4
  1098 | D:2      | Reached skill level 5 in Shields
  1505 | D:2      | Reached XP level 5. HP: 38/41 MP: 5/5
  1566 | D:2      | Found an opulent altar of Gozag.
  1741 | D:3      | Reached skill level 4 in Staves
  2063 | D:3      | Found a radiant altar of Vehumet.
  2577 | D:4      | Reached XP level 6. HP: 45/47 MP: 6/6
  2591 | D:4      | Found Ocutyune's Antique Weapon Boutique.
  2594 | D:4      | Bought a glowing quarterstaff for 120 gold pieces
  2596 | D:4      | Noticed Edmund
  2613 | D:4      | Killed Edmund
  2613 | D:4      | Reached skill level 5 in Staves
  2613 | D:4      | Reached skill level 6 in Shields
  2707 | D:4      | Noticed Natasha
  2721 | D:4      | Killed Natasha
  2842 | D:4      | Reached XP level 7. HP: 50/52 MP: 7/7
  2844 | D:4      | Noticed Natasha
  2851 | D:4      | Killed Natasha
  2880 | D:4      | Noticed Natasha
  2888 | D:4      | Killed Natasha
  2972 | D:4      | Found an iron altar of Okawaru.
  3198 | D:4      | Reached skill level 7 in Shields
  3254 | D:4      | Reached skill level 6 in Staves
  3631 | D:4      | Reached XP level 8. HP: 58/58 MP: 8/8
  3844 | D:5      | Entered Level 5 of the Dungeon
  3949 | D:5      | Reached skill level 8 in Shields
  3950 | D:5      | Found a runed door.
  3952 | D:5      | Found a runed door.
  4035 | D:5      | Reached skill level 7 in Staves
  4120 | D:5      | Slain by an orc wizard

Vault maps used:
D:1:      matt_arrival_refuge, minmay_misc_feat_iff
D:2:      grunt_gozag_statues, hangedman_decor_slide_cut,
          nicolae_qazlal_style_of_elements, uniq_robin
D:3:      vehumet_altar_wand_db
D:4:      kennysheep_mini, serial_shops, kennysheep_mini_moat,
          grunt_ministairs_11, minmay_quantized, uniq_edmund, uniq_natasha
D:5:      lemuel_insect_pit, cheibrodos_ashenzari_chains, lemuel_doored_altar,
          overflow_temple_1_default, first_bread, st_stairs_2

Vanquished Creatures
  Edmund
  An ogre
  3 scorpions
  A crimson imp
  An orc priest
  3 orc wizards
  2 hounds
  Natasha (thrice)
  8 worker ants Robin
  6 gnolls
  9 adders
  An adder skeleton
  A worm
  11 orcs
  A ball python
  16 bats
  8 giant cockroaches
  15 hobgoblins
  4 jackals
  8 kobolds
  4 quokkas
  2 giant newts
  13 goblins
  6 rats
  2 butterflies
131 creatures vanquished.
